 Dungeon Crawl Stone Soup version 0.18.1-8-gdd0e5ea (webtiles) character file.

602 matakusis the Covert (level 7, -2/46 HPs)
             Began as a Vampire Enchanter on June 7, 2016.
             Slain by a wight
             ... wielding a +0 mace
              (3 damage)
             ... on level 4 of the Dungeon.
             The game lasted 00:21:41 (5454 turns).

matakusis the Covert (Vampire Enchanter)            Turns: 5454, Time: 00:21:41

Health: -2/46      AC:  5    Str:  5 (7)  XL:     7   Next: 18%
Magic:  2/12       EV: 13    Int: 17 (18) God:
Gold:   209        SH:  0    Dex: 14 (16) Spells: 4 memorised, 3 levels left

rFire  . . .     SeeInvis +     f - +0 dagger (venom)
rCold  + + .     Gourm    .     b - +1 robe
rNeg   + + +     Faith    .     (no shield)
rPois  +         Spirit   .     (no helmet)
rElec  .         Dismiss  .     (no cloak)
rCorr  .         Reflect  .     m - +1 pair of gloves
SustAt .         Harm     .     (no boots)
MR     .....                    (no amulet)
Stlth  +++++.....               (no ring)
                                (no ring)

@: regenerating slowly, not resistant to hostile enchantments, quite stealthy
A: fangs 3, see invisible, unbreathing
a: Bat Form


You were on level 4 of the Dungeon.
You were near bloodless.

You visited 1 branch of the dungeon, and saw 4 of its levels.
You also visited: Sewer.

You collected 209 gold pieces.

Inventory:

Hand Weapons
 e - a +1 vampiric short sword
 f - a +0 dagger of venom (weapon)
Missiles
 i - 2 curare-tipped needles
Armour
 b - a +1 robe (worn)
 m - a +1 pair of gloves (worn)
Potions
 d - 10 potions of blood
 j - a potion of flight
Books
 c - a book of Maledictions

   Spells                             Type                      Level
   a - Corona                         Hexes                        1
   b - Ensorcelled Hibernation        Hexes/Ice                    2
   c - Confuse                        Hexes                        3
   d - Tukima's Dance                 Hexes                        3
   e - Dazzling Spray                 Conjuration/Hexes            3


   Skills:
 + Level 1.2 Short Blades
 + Level 3.4 Dodging
 * Level 9.6 Stealth
 + Level 3.5 Spellcasting
 + Level 6.7 Hexes


You had 3 spell levels left.
You knew the following spells:

 Your Spells              Type           Power        Failure   Level  Hunger
a - Corona                Hex            ####...      1%          1    None
b - Confuse               Hex            ####....     3%          3    ###....
c - Tukima's Dance        Hex            ####....     3%          3    ###....
d - Dazzling Spray        Conj/Hex       ##......     14%         3    ###....


Dungeon Overview and Level Annotations

Branches:
Dungeon (4/15)
 Temple: D:4-7

Altars:

Annotations:
D:4 Grinder; juanjsm's ghost, amateur OpTm


Innate Abilities, Weirdness & Mutations

You heal slowly.
You have razor-sharp teeth.
You have supernaturally acute eyesight.
You can survive without breathing.


Message History

The wight hits you with a mace.
* * * LOW HITPOINT WARNING * * *
The wight closely misses you. The wight completely misses you.
You hit the wight but do no damage.
The wight is lightly damaged.
The wight completely misses you. The wight hits you with a mace.
* * * LOW HITPOINT WARNING * * *
The wight closely misses you.
You hit the wight but do no damage.
The wight is lightly damaged.
The wight misses you.
You hit the wight but do no damage.
The wight is lightly damaged.
The wight hits you with a mace.
* * * LOW HITPOINT WARNING * * *
The wight hits you but does no damage. The wight closely misses you.
You closely miss the wight.
The wight is lightly damaged.
The wight hits you with a mace.
You die...

##.##.................#
#..#.................#
##.#.................#
##...#................#
#...#.#...............#
##...##........z..%....###
##...####.................##
#...## #.z##...............
#....# #.z@##.a........##..
###### ##z## ####....#####.
### ##### ##


You could see 3 wights.

Vanquished Creatures
  The ghost of Typee the Stinger, an amateur OpVM (D:3)
  A sky beast (D:4)
  A big kobold (Sewer)
  A scorpion (D:3)
  A crimson imp (D:3)
  A centaur skeleton (D:4)
  A worker ant (D:3)
  8 adders
  A river rat (Sewer)
  2 worms
  3 dart slugs
  5 giant geckos
  11 orcs (D:3)
  8 giant cockroaches
  7 goblins
  4 hobgoblins
  11 jackals
  A quokka (D:3)
  A ball python (D:3)
  10 bats
  3 giant newts
  A jackal skeleton (D:4)
  9 kobolds
  3 rats (Sewer)
95 creatures vanquished.

Notes
Turn   | Place    | Note
--------------------------------------------------------------
     0 | D:1      | matakusis the Vampire Enchanter began the quest for the Orb.
     0 | D:1      | Reached XP level 1. HP: 13/13 MP: 3/3
   311 | D:1      | Reached XP level 2. HP: 9/19 MP: 1/5
   491 | D:1      | Reached skill level 5 in Stealth
  1341 | D:2      | Reached skill level 5 in Hexes
  1430 | D:2      | Reached XP level 3. HP: 24/24 MP: 6/6
  1435 | D:2      | Learned a level 3 spell: Confuse
  1605 | D:2      | Reached skill level 6 in Stealth
  1986 | D:3      | Reached XP level 4. HP: 30/30 MP: 7/7
  1991 | D:3      | Learned a level 3 spell: Tukima's Dance
  2858 | D:3      | Reached skill level 7 in Stealth
  3207 | D:3      | Noticed Typee's ghost (amateur OpVM)
  3628 | D:3      | Reached XP level 5. HP: 35/35 MP: 3/8
  3693 | D:3      | Killed Typee's ghost
  4039 | D:3      | Reached XP level 6. HP: 38/41 MP: 1/10
  4057 | D:3      | Reached skill level 8 in Stealth
  4464 | D:3      | Learned a level 3 spell: Dazzling Spray
  4502 | D:4      | Noticed juanjsm's ghost (amateur OpTm)
  4727 | D:4      | Found a glowing drain.
  4736 | Sewer    | Entered a sewer
  4854 | Sewer    | Reached skill level 9 in Stealth
  5114 | Sewer    | Found a white marble altar of Elyvilon.
  5184 | D:4      | Noticed Grinder
  5331 | D:4      | Noticed a sky beast
  5346 | D:4      | Killed a sky beast
  5346 | D:4      | Reached XP level 7. HP: 39/46 MP: 9/12
  5453 | D:4      | HP: 1/46 [wight/mace (5)]
  5454 | D:4      | Slain by a wight

Skill      XL: |  1  2  3  4  5  6 |
---------------+-------------------+-----
Stealth        | 5 6 7 9 |  9.6
Hexes          | 5 6 |  6.7
Spellcasting   | 3 |  3.5
Dodging        | 3 |  3.4
Short Blades   | |  1.2

Action                   |  1- 3 |  4- 6 |  7- 9 || total
-------------------------+-------+-------+-------++-------
Melee: Dagger            |    55 |   203 |    20 ||   278
       Bite              |     3 |    13 |     3 ||    19
 Cast: Corona            |    15 |       |       ||    15
       Confuse           |     3 |    41 |     5 ||    49
 Abil: End Transformatio |       |       |     1 ||     1
       Bat Form          |       |       |     1 ||     1
  Use: Scroll            |     4 |     7 |       ||    11
       Potion            |       |     8 |     3 ||    11
 Stab: Sleeping          |    18 |    17 |       ||    35
       Confused          |     1 |    13 |     2 ||    16
Armor: Robe              |    12 |    55 |     3 ||    70
Dodge: Dodged            |    24 |   131 |    17 ||   172
